 Dungeon Crawl Stone Soup version 0.32-a0-20-ge526923d97 (webtiles) character file.

Game seed: 9092604481573027884

1505 IdlyInterested the Trooper (level 8, -3/67 HPs)
             Began as a Demonspawn Fighter on Jan 17, 2024.
             Slain by a gnoll
             ... wielding a +0 club
             ... led by a gnoll bouda
              (7 damage)
             ... on level 6 of the Dungeon.
             The game lasted 00:20:58 (5592 turns).

IdlyInterested the Trooper (Demonspawn Fighter)     Turns: 5592, Time: 00:20:58

Health: -3/67      AC:  0    Str: 19    XL:     8   Next: 52%
Magic:  0/8        EV: 16    Int:  9    God:
Gold:   233        SH: 10    Dex: 15    Spells: 7/7 levels left

rFire   . . .        t - +2 dagger (venom)
rCold   + . .        j - +0 kite shield
rNeg    . . .        A - +1 ring mail {rC+}
rPois   .            (helmet unavailable)
rElec   .            v - +0 cloak
rCorr   .            u - +0 pair of gloves {Str+3}
SInv    +            (no boots)
Will    ++...        h - amulet of guardian spirit
Stlth   +            n - ring of willpower
HPRegen 0.31/turn    w - +5 ring of evasion
MPRegen 0.11/turn

%: guardian spirit
@: weakened, corroded, enlightened, flying
A: antennae 3, molten scales 2, foul stench 1, talons 1
a: no special abilities


You were on level 6 of the Dungeon.
You visited 2 branches of the dungeon, and saw 7 of its levels.

You collected 311 gold pieces.
You spent 78 gold pieces at shops.

Inventory:

Hand Weapons
 a - a +0 rapier
 t - a +2 dagger of venom (weapon)
Missiles
 e - 40 stones (quivered)
Armour
 c - a +0 buckler
 d - a +2 leather armour of fire resistance
 i - a +0 pair of gloves
 j - a +0 kite shield (worn)
 u - a +0 pair of gloves of strength (worn)
 v - a +0 cloak (worn)
 A - a +1 ring mail of cold resistance (worn)
Jewellery
 h - an amulet of guardian spirit (around neck)
 n - a ring of willpower (left hand)
 w - a +5 ring of evasion (right hand)
Talismans
 x - a storm talisman
Scrolls
 f - a scroll of enchant weapon
 g - 3 scrolls of vulnerability
 k - a scroll of immolation
 l - a scroll of butterflies
 m - 2 scrolls of amnesia
 o - a scroll of acquirement
 p - 2 scrolls of revelation
 q - a scroll of enchant armour
 y - 2 scrolls of teleportation
 z - a scroll of blinking {unknown}
Potions
 s - a potion of attraction


   Skills:
 - Level 7.0 Fighting
 - Level 1.7 Short Blades
 + Level 1.0 Throwing
 - Level 4.0 Armour
 - Level 4.0 Dodging
 - Level 1.0 Stealth
 * Level 6.2 Shields
 - Level 1.0 Evocations


You had 7 spell levels left.
You didn't know any spells.
Your spell library contained the following spells:

 Spells                   Type           Power      Damage    Failure   Level
 Apportation              Tloc           0%         N/A       83%         1
 Kiss of Death            Conj/Necr      0%         2d5       83%         1
 Magic Dart               Conj           0%         1d3       83%         1
 Sandblast                Erth           0%         2d4       83%         1
 Sting                    Conj/Alch      0%         1d3       83%         1
 Blink                    Tloc           0%         N/A       93%         2
 Call Imp                 Summ           0%         N/A       93%         2
 Jinxbite                 Hex            0%         N/A       93%         2
 Mercury Vapours          Alch/Air       0%         N/A       93%         2
 Confusing Touch          Hex            0%         N/A       99%         3
 Mephitic Cloud           Conj/Alch/Air  0%         N/A       99%         3
 Passwall                 Erth           0%         N/A       99%         3
 Stone Arrow              Conj/Erth      0%         3d7       99%         3
 Animate Armour           Summ/Erth      0%         N/A       100%        4
 Brom's Barrelling Bould  Conj/Erth      0%         2d3       100%        4
 Dispel Undead            Necr           0%         3d6       100%        4
 Olgreb's Toxic Radiance  Alch           0%         N/A       100%        4
 Summon Lightning Spire   Summ/Air       0%         N/A       100%        4
 Alistair's Intoxication  Alch           0%         N/A       100%        5
 Freezing Cloud           Conj/Ice/Air   0%         6-21      100%        5
 Lee's Rapid Deconstruct  Erth           0%         3d4*      100%        5


Dungeon Overview and Level Annotations

Branches:
Dungeon (6/15)             Temple (1/1) D:6

Altars:
Ashenzari
Cheibriados
Dithmenos
Fedhas
Gozag
Hepliaklqana
Kikubaaqudgha
Makhleb
Okawaru
Ru
Sif Muna
Uskayaw
Vehumet
Wu Jian
Xom
Yredelemnul

Shops:
D:2 =   D:3 ??((   D:5 ?[::(

Annotations:
D:6 Menkaure


Innate Abilities, Weirdness & Mutations

You have a pair of large antennae on your head. (SInv)
You are mostly covered in molten scales. (AC +3)
You may rarely emit foul miasma when damaged in melee.
You have sharp toenails.


Message History

Your Dodging skill increases to level 4!
Found 7 stones.
Menkaure calls on the powers of darkness!
The gnoll convulses! x2; Your body is wracked with pain!
The gnoll convulses!
The gnoll bouda convulses!
It was a potion of enlightenment.
You feel very buoyant.
You fly up into the air.
The gnoll bouda hits you with a +0 whip!
* * * LOW HITPOINT WARNING * * *
You hit the gnoll bouda but do no damage.
The gnoll bouda is poisoned.
The gnoll bouda is heavily wounded.
Your attacks no longer feel as feeble.
The gnoll bouda calls upon its god to heal the gnoll.
The gnoll's wounds heal themselves!
You block the gnoll's attack.
It was a potion of mutation.
You feel extremely strange.
Your toenails lengthen and sharpen.
The gnoll bouda closely misses you. The gnoll misses you.
You closely miss the gnoll bouda.
The gnoll bouda is heavily wounded.
The gnoll bouda gazes fiercely through you!
You feel your attacks grow feeble. You block the gnoll bouda's attack.
You block the gnoll's attack.
You closely miss the gnoll bouda.
You claw the gnoll bouda, but do no damage.
The gnoll bouda is heavily wounded.
You block the gnoll bouda's attack. You block the gnoll's attack.
The gnoll bouda barks out a call to the hunt!
The gnolls pick up the pace!
You hit the gnoll bouda but do no damage.
You claw the gnoll bouda, but do no damage.
The gnoll bouda is heavily wounded.
The gnoll barely misses you.
The howler monkey hoots and howls with incredible vigour!
The gnoll closely misses you.
The gnoll bouda hits you with a +0 whip!
* * * LOW HITPOINT WARNING * * *
The gnoll hits you with a +0 club!
You die...

#.................#... ....
#.......8.8.8........ ....
#........⌠.⌠.......# ....
#.......8.>.8......# ....
....##...⌠.⌠......# .... ....
#..8.8.8...#### .... ..
+.............# ...
..##....#g#......# ....
.......g@ghg.....####....
###...g###......#.......
...........).....#....... ..
........###......#....... ...#..
..[...#.................. ......
......#.##............... ......
...(....##...............
......#####. ..##...............
.........<+....##...............


You could see a gnoll bouda (very poisoned), a howler monkey (catching breath)
and 4 gnolls.

Vanquished Creatures
  Grinder (D:6)
  Eustachio (D:4)
  Duvessa (D:6)
  A black bear (D:4)
  2 ogres
  2 phantoms
  A scorpion (D:6)
  Dowan (D:6)
  A howler monkey (D:6)
  A bombardier beetle (D:5)
  A jelly (D:6)
  4 hounds
  4 iguanas
  4 orc wizards (D:5)
  A mummy (D:6)
  A gnoll (D:6)
  4 adders
  A white imp (D:6)
  A dart slug (D:3)
  9 orcs
  2 bats
  4 endoplasms
  11 giant cockroaches
  5 goblins
  6 hobgoblins
  2 jackals (D:1)
  A quokka (D:4)
  5 ball pythons
  2 frilled lizards
  2 kobolds
  4 orc zombies (D:6)
  5 rats
91 creatures vanquished.

Notes
Turn   | Place    | Note
-------+----------+-------------------------------------------
     0 | D:1      | IdlyInterested the Demonspawn Fighter began the quest for
                  | the Orb.
     0 | D:1      | Reached XP level 1. HP: 18/18 MP: 1/1
   310 | D:1      | Gained mutation: You are partially covered in molten
                  | scales. (AC +2) [demonic ancestry]
   310 | D:1      | Reached XP level 2. HP: 24/24 MP: 2/2
   883 | D:2      | Found Meamm's Jewellery Shoppe.
   926 | D:2      | Found Puobudd's Weapon Shoppe.
  1297 | D:2      | Found a faded altar of an unknown god.
  1304 | D:2      | Gained mutation: You have a pair of small antennae on your
                  | head. [demonic ancestry]
  1304 | D:2      | Reached XP level 3. HP: 30/30 MP: 3/3
  1487 | D:2      | Reached skill level 1 in Dodging
  1625 | D:3      | Found Xuggadd's Weapon Emporium.
  1734 | D:3      | Found Pade Rul's Weapon Boutique.
  1801 | D:3      | Identified a scroll of acquirement
  2127 | D:3      | Found Eciu's Magic Scroll Shop.
  2145 | D:3      | Found Lis Wihy's Magic Scroll Shop.
  2228 | D:3      | Reached skill level 4 in Fighting
  2423 | D:3      | Bought a scroll of identify for 26 gold pieces
  2424 | D:3      | Bought a scroll of identify for 26 gold pieces
  2425 | D:3      | Bought a scroll of identify for 26 gold pieces
  2446 | D:4      | Noticed an ogre
  2452 | D:4      | HP: 1/30 [ogre/+0 giant club (6)]
  2456 | D:4      | Killed an ogre
  2457 | D:4      | Reached skill level 1 in Throwing
  2457 | D:4      | Gained mutation: You have a pair of antennae on your head.
                  | [demonic ancestry]
  2457 | D:4      | Reached XP level 4. HP: 3/37 MP: 0/4
  2457 | D:4      | Gained mutation: You are mostly covered in molten scales.
                  | (AC +3) [demonic ancestry]
  2457 | D:4      | Reached XP level 5. HP: 4/42 MP: 0/5
  2607 | D:4      | Noticed a black bear
  2629 | D:4      | Killed a black bear
  2630 | D:4      | Reached skill level 5 in Fighting
  2630 | D:4      | Reached skill level 1 in Stealth
  2819 | D:4      | Noticed Eustachio
  2835 | D:4      | Gained mutation: You may rarely emit foul miasma when
                  | damaged in melee. [demonic ancestry]
  2835 | D:4      | Reached XP level 6. HP: 51/51 MP: 6/6
  2956 | D:4      | Killed Eustachio
  2957 | D:4      | Reached skill level 1 in Evocations
  3193 | D:4      | Reached skill level 5 in Shields
  3368 | D:4      | Gained mutation: You have a pair of large antennae on your
                  | head. (SInv) [demonic ancestry]
  3368 | D:4      | Reached XP level 7. HP: 56/56 MP: 7/7
  3374 | D:4      | Found a burning altar of Makhleb.
  3690 | D:5      | Entered Level 5 of the Dungeon
  3744 | D:5      | Found Ahumub's Magic Scroll Emporium.
  4109 | D:5      | Found Jabotoom's Book Emporium.
  4109 | D:5      | Noticed a walking earthen tome
  4109 | D:5      | Noticed a walking frostbound tome
  4379 | D:5      | Reached skill level 6 in Fighting
  4426 | D:5      | Found Zunuec's Book Emporium.
  4456 | D:5      | Found Xiukhex's Armour Shop.
  4798 | D:5      | Found Hivetyipp's Antique Weapon Emporium.
  5016 | D:6      | Reached XP level 8. HP: 56/64 MP: 8/8
  5258 | D:6      | Noticed Grinder
  5286 | D:6      | Paralysed by Grinder for 4 turns
  5299 | D:6      | Killed Grinder
  5410 | D:6      | Noticed Duvessa
  5410 | D:6      | Noticed Dowan
  5434 | D:6      | Killed Duvessa
  5438 | D:6      | Killed Dowan
  5439 | D:6      | Reached skill level 7 in Fighting
  5527 | D:6      | Found a staircase to the Ecumenical Temple.
  5538 | Temple   | Entered the Ecumenical Temple
  5554 | D:6      | Noticed Menkaure
  5589 | D:6      | Gained mutation: You have sharp toenails. [potion of
                  | mutation]
  5592 | D:6      | Slain by a gnoll

Illustrated notes

Levels and vault maps discovered:
D:1:      elethiomel_arrival_shortcut, layout_basic
D:2:      layout_rooms, serial_aquarium, aquarium_bridge_square
          [aquarium_subvault_balcony, aquarium_subvault_bridge,
          aquarium_subvault_balcony, aquarium_subvault_window],
          aquarium_window_fake, aquarium_window_corridor_2, aquarium_view_2b,
          aquarium_view_2b, aquarium_pool_1,
          hellmonk_ecumenical_altar_inner_sanctum, serial_shops, shop,
          nicolae_diamond_shop
D:3:      layout_basic, serial_shops, shop_statue, nicolae_shop_hallway_plus,
          nicolae_shop_advertising_works [nicolae_subvault_shop_adworks],
          nicolae_shop_trees
D:4:      layout_basic, mainiacjoe_overflow_brackets, uniq_eustachio
D:5:      layout_basic, serial_shops, shop, nicolae_shop_back_alley_shop,
          nicolae_shop_mannequins, shop, shop,
          minmay_a_box_with_orc_wizards_in_it
D:6:      layout_basic, minmay_temple_entry_statues_fountains,
          minmay_mini_ossuary, uniq_grinder, uniq_menkaure, uniq_duvessa
Temple:   regret_index_temple_mists

Skill      XL: |  1  2  3  4  5  6  7  8 |
---------------+-------------------------+-----
Armour         | 3 4 |  4.0
Dodging        | 1 2 3 4 |  4.0
Fighting       | 4 5 6 7 |  7.0
Shields        | 4 5 6 |  6.2
Throwing       | 1 |  1.0
Stealth        | 1 |  1.0
Evocations     | 1 |  1.0
Short Blades   | |  1.7

Action                     |  1- 3 |  4- 6 |  7- 9 || total
---------------------------+-------+-------+-------++-------
  Melee: Rapier            |   132 |   193 |   171 ||   496
         Dagger            |       |       |   152 ||   152
         Kick              |       |       |     2 ||     2
  Throw: Stone             |     3 |    12 |     2 ||    17
  Evoke: Wand              |       |     5 |       ||     5
    Use: Scroll            |     8 |       |     2 ||    10
         Potion            |     2 |     3 |     4 ||     9
 Armour: Scale mail        |    77 |   154 |       ||   231
         Leather armour    |       |    22 |    97 ||   119
         Ring mail         |       |       |    21 ||    21
  Dodge: Dodged            |    46 |   102 |   152 ||   300
  Block: Buckler           |    37 |       |       ||    37
         Kite shield       |     1 |   145 |   159 ||   305

Table legend: (Time is in decaauts)
 A = Elapsed time spent in this place.
 B = Non-inter-level travel time spent in this place.
 C = Inter-level travel time spent in this place.
 D = Time resting spent in this place.
 E = Time spent auto-exploring this place.
 F = Levels seen in this place.
 G = Mean time per level.
                   A        B        C        D        E       F      G
               +--------+--------+--------+--------+--------+-----+--------+
         Total |   5722 |   5475 |    247 |   1171 |   2648 |   7 |  817.4 |
       Dungeon |   5721 |   5474 |    247 |   1171 |   2648 |   6 |  953.5 |
        Temple |      1 |      1 |      0 |      0 |      0 |   1 |    1.0 |
               +--------+--------+--------+--------+--------+-----+--------+

Top non-repeatable levels by time:
     D:5: 1383 daAuts
     D:4: 1311 daAuts
     D:1: 938 daAuts
     D:3: 810 daAuts
     D:2: 709 daAuts
     D:6: 567 daAuts
  Temple: 1 daAuts
